cohdb
Replays
Latest Replays
All Replays
Popular Replays
Top Player Replays
Match Explorer
How It Works
Community
CoH3 Stats
Reddit
Sign in to upload your games and track your stats! →
Sign in with Steam
Match 42089632
Unlisted
Match 42089632
Overview
Messages
Build Orders
End
Construct Weapon Support Center
Selects Airborne Battlegroup
Selects Pathfinders
M1919 Machine Gun Team
Engineer Squad
Construct Barracks
Selects Paratrooper Squad Paradrop
Riflemen Squad
Grenade Package
Improved M9 Bazooka Rockets
Paratrooper Squad Paradrop
Construct Medical Station
Infantry Support Center
Selects Anti-tank Gun Team Paradrop
Selects Smoke Bombing Run
M3 Armored Personnel Carrier
.30 cal Machine Gun
Bazooka Squad
Smoke Bombing Run
Selects Supply Drop
Construct Motor Pool
Smoke Bombing Run
Supply Drop
dog
ItsBrettos
vonAJ
Ninja_Dark
_Allahur
Scheffer
0
0
Comments
sign in to comment!
No comments posted yet!